 Dungeon Crawl Stone Soup version 0.19-a0-559-ga3d69d0 (webtiles) character file.

41122 epen the Covert (level 13, -25/60 HPs)
             Began as a Felid Enchanter on June 7, 2016.
             Was a Follower of Uskayaw.
             Killed from afar by Aizul (56 damage)
             ... with a poison arrow
             ... on level 1 of the Spider Nest on June 8, 2016.
             The game lasted 02:11:11 (40632 turns).

epen the Covert (Felid Enchanter)                  Turns: 40632, Time: 02:11:12

Health: -25/60     AC:  3    Str:  4    XL:     13   Next: 78%
Magic:  28/34      EV: 33    Int: 15    God:    Uskayaw [*.....]
Gold:   335        SH:  0    Dex: 28    Spells: 8 memorised, 5 levels left
                                        Lives:  0   Deaths: 3

rFire  . . .     SeeInvis +       - Unarmed
rCold  + + .     Gourm    .     (armour unavailable)
rNeg   + . .     Faith    .     (shield unavailable)
rPois  .         Spirit   .     (helmet unavailable)
rElec  +         Dismiss  .     (cloak unavailable)
rCorr  .         Reflect  .     (gloves unavailable)
SustAt .         Harm     .     (boots unavailable)
MR     ++...                    x - amulet of regeneration
Stlth  ++++++++..               E - ring of Routhren {rElec rC+ rN+ MR+ Int-3}
                                T - ring "Hemoor" {rElec MP+9 Dex+6}

@: lethally poisoned (-25 -> -37), very slightly contaminated, quick, very
resistant to hostile enchantments, extraordinarily stealthy
A: no armour, no weapons or thrown items, claws 1, fangs 3, see invisible,
carnivore 3, deterioration 1, speed 1, low mp 1, shaggy fur 3, slow metabolism
1, MP-powered wands, sharp paws
a: Stomp, Renounce Religion


You were on level 1 of the Spider Nest.
You worshipped Uskayaw.
Uskayaw was aware of your devotion.
You were not hungry.

You visited 6 branches of the dungeon, and saw 27 of its levels.
You also visited: Labyrinth, Ossuary, Ice Cave and Volcano.

You collected 3566 gold pieces.
You spent 3231 gold pieces at shops.

Inventory:

Jewellery
 w - the ring of Incredulity {Fire Dex+6}
   (You acquired it on level 9 of the Dungeon)

   [ring of fire]

   It enhances your fire magic, and weakens your ice magic.
   It affects your dexterity (+6).
   It protects you from fire.
   It makes you vulnerable to cold.
 x - an amulet of regeneration (around neck)
 E - the ring of Routhren (right paw) {rElec rC+ rN+ MR+ Int-3}
   (You found it on level 8 of the Lair of Beasts)

   [ring of protection from cold]

   It affects your intelligence (-3).
   It protects you from cold.
   It insulates you from electricity.
   It protects you from negative energy.
   It affects your resistance to hostile enchantments.
 T - the ring "Hemoor" (left paw) {rElec MP+9 Dex+6}
   (You found it on level 8 of the Lair of Beasts)

   [ring of magical power]

   It affects your dexterity (+6).
   It insulates you from electricity.
   It affects your magic capacity (+9).
 W - an uncursed ring of poison resistance {unknown}
Wands
 g - a wand of teleportation (5/9)
 j - a wand of flame (39/48)
 s - a wand of polymorph (13/24)
 y - a wand of digging (6/24)
 z - a wand of flame (13/48)
 B - a wand of polymorph (14/24)
 L - a wand of slowing (26/48)
 M - a wand of heal wounds (5/9)
 Q - a wand of enslavement (20/24)
Scrolls
 e - 5 scrolls of amnesia
 f - 2 scrolls of teleportation
 h - 2 scrolls of blinking
 k - 13 scrolls of identify
 o - 2 scrolls of fear
 t - 10 scrolls of remove curse
 G - 4 scrolls of fog
 H - a scroll of holy word
 V - a scroll of recharging
 X - a scroll of magic mapping
Potions
 c - 2 potions of cure mutation
 d - 6 potions of lignification
 i - 4 potions of cancellation
 l - 2 potions of ambrosia
 n - 11 potions of curing
 p - 4 potions of might
 q - 4 potions of flight
 r - 3 potions of invisibility
 u - 2 potions of berserk rage
 v - 3 potions of heal wounds
 A - 3 potions of brilliance
 P - 2 potions of magic
 R - a potion of agility
Books
 a - a book of Maledictions

   Spells                             Type                      Level
   a - Corona                         Hexes                        1
   b - Ensorcelled Hibernation        Hexes/Ice                    2
   c - Confuse                        Hexes                        3
   d - Tukima's Dance                 Hexes                        3
   e - Dazzling Spray                 Conjuration/Hexes            3
 J - a Fen Folio

   Spells                             Type                      Level
   a - Corpse Rot                     Necromancy                   2
   b - Stone Arrow                    Conjuration/Earth            3
   c - Leda's Liquefaction            Hexes/Earth                  4
   d - Summon Forest                  Summoning/Translocation      5
   e - Hydra Form                     Transmutation                6
   f - Summon Hydra                   Summoning                    7
 Y - a book of Party Tricks

   Spells                             Type                      Level
   a - Summon Butterflies             Summoning                    1
   b - Apportation                    Translocation                1
   c - Tukima's Dance                 Hexes                        3
   d - Alistair's Intoxication        Transmutation/Poison         5
   e - Invisibility                   Hexes                        6
Comestibles
 b - 13 meat rations
 m - 7 beef jerkies
 I - 2 slices of pizza
 K - 4 royal jellies


   Skills:
 - Level 9.4 Fighting
 - Level 12.5 Dodging
 + Level 14.7 Stealth
 + Level 13.2 Unarmed Combat
 + Level 9.8 Spellcasting
 - Level 4.3 Conjurations
 - Level 14.0 Hexes
 * Level 7.6 Transmutations
 * Level 2.7 Earth Magic
 - Level 12.1 Invocations
 - Level 2.5 Evocations


You had 5 spell levels left.
You knew the following spells:

 Your Spells              Type           Power        Failure   Level  Hunger
a - Invisibility          Hex            #####...     8%          6    ######.
b - Ensorcelled Hibernat  Hex/Ice        ####..       1%          2    None
c - Confuse               Hex            #####...     1%          3    #......
d - Tukima's Dance        Hex            #####...     1%          3    #......
e - Dazzling Spray        Conj/Hex       ####..       1%          3    #......
f - Apportation           Tloc           #.........   12%         1    None
g - Repel Missiles        Chrm/Air       #.....       17%         2    None
h - Statue Form           Tmut/Erth      ###......    99%         6    ######.


Dungeon Overview and Level Annotations

Branches:
Dungeon (13/15)            Temple (1/1) D:5            Lair (8/8) D:8
 Shoals (0/4) Lair:4       Spider (1/4) Lair:5        Slime (0/6) Lair:7
    Orc (2/2) D:9             Elf (2/3) Orc:2
 Vaults: D:13-14

Altars:
Ashenzari
Dithmenos
Elyvilon
Fedhas
Gozag
Hepliaklqana
Kikubaaqudgha
Makhleb
Nemelex Xobeh
Okawaru
Pakellas
Qazlal
Ru
Sif Muna
Trog
Uskayaw
Vehumet
Xom
Yredelemnul
Zin
The Shining One
Beogh

Shops:
D:7 %   Orc:2 :![?   Elf:1 }   Elf:2 :

Portals:
Hell: Lair:8

Annotations:
D:7 exclusion: 8 doors
Spider:1 Aizul
Elf:2 3 runed doors


Innate Abilities, Weirdness & Mutations

You cannot wear armour.
You are incapable of wielding weapons or throwing items.
You have sharp claws.
You have razor-sharp teeth.
You have supernaturally acute eyesight. (SInv)
You are carnivorous and can eat meat at any time.
You cover ground quickly.
Your thick and shaggy fur keeps you warm. (AC +3, rC+)
You have a slow metabolism.
Your sharp claws are effective at attacking unaware monsters.
Your body sometimes deteriorates upon taking damage.
Your magical capacity is low. (-10% MP)
You expend magic power (3 MP) to strengthen your wands.


Message History

Confirm with . or Enter, or press ? or * to list all spells.
Aiming: Dazzling Spray
Press: ? - help, Shift-Dir - straight line, f - Aizul
Aim: Aizul The spray of energy hits Aizul.
Aizul is lightly wounded.
Aizul coils himself and waves his upper body at you.
The poison arrow misses you.
Unknown command.
Casting: Dazzling Spray
Confirm with . or Enter, or press ? or * to list all spells.
Aiming: Dazzling Spray
Press: ? - help, Shift-Dir - straight line, f/p - Aizul
Aim: Aizul (lightly wounded)
The spray of energy misses Aizul.
Aizul coils himself and waves his upper body at you.
The poison arrow hits you!
You are poisoned.
Ouch! That really hurt!
You die...

#.........# ### #....#
#.........#####.# #...###
#..........##.#.## #.....# ##
#................#######.####.
#.........^#.......#####.##...
##........#...^......##.#.....
##.......#...................
###......##........:#.......#
##.####...###@.......###....##
#...####### ##S......# ##...##
####..## #####.......# #....#
#......####..........## ###...
#...................## #..#
##.....#.#..........## ### #...
#......#.............##..##.##.
#.....#.#................... .
#.....#.#..........##....... ^


You could see Aizul.

Vanquished Creatures
  Gastronok (Lair:2)
  Maud (Lair:4)
  A frost giant (IceCv)
  A deep elf elementalist (Elf:2)
  A deep elf sorcerer (Elf:1)
  A stone giant (Orc:2)
  A deep elf annihilator (Elf:1)
  Snorg (Orc:2)
  7 hydras
  A hell beast (Lair:8)
  Erolcha (D:12)
  4 ogre magi (Orc:2)
  8 dancing weapons
  A death knight (D:12)
  2 death yaks
  An orc high priest (Elf:2)
  4 deep elf knights
  A skeletal warrior (D:12)
  2 unseen horrors (D:12)
  7 deep elf archers
  2 hill giants
  2 wizards
  9 orc sorcerers
  3 oklob plants (Lair:7)
  An ugly thing (D:12)
  3 orb spiders (Spider:1)
  38 deep elf magi
  A griffon (Lair:8)
  A manticore (Volcano)
  3 wolf spiders (Spider:1)
  8 black mambas
  3 sirens (Lair:4)
  22 elephants
  3 torpor snails
  3 orange demons (Lair:8)
  A kobold demonologist (Elf:1)
  11 spiny frogs
  The ghost of epen the Charmwright, a novice FoSk (D:5)
  9 komodo dragons
  5 rime drakes
  2 freezing wraiths (D:12)
  A hellwing (Lair:8)
  2 red devils (Lair:8)
  3 ice devils (Lair:8)
  A queen bee (D:9)
  2 trolls
  A merfolk (Lair:4)
  14 polar bears
  6 jumping spiders (Spider:1)
  Prince Ribbit (D:6)
  A meliai zombie (D:11)
  18 blink frogs
  6 redbacks
  2 vampires
  2 wraiths
  3 basilisks
  2 wyverns
  47 yaks
  2 tarantellas (Spider:1)
  4 water elementals
  4 fire bats (Volcano)
  10 hippogriffs
  4 hungry ghosts
  A warg (Orc:2)
  3 mottled dragons (Volcano)
  26 water moccasins
  15 porcupines
  Duvessa (D:6)
  A hell hound (Lair:8)
  11 orc warriors
  A swamp drake (Orc:2)
  9 ice beasts
  2 sky beasts
  4 black bears
  9 ogres
  2 phantoms
  21 wolves
  A boggart (Elf:1)
  6 centaurs
  A big kobold (D:6)
  16 crocodiles
  20 giant frogs
  A gnoll sergeant (D:9)
  A wyvern zombie (D:7)
  Dowan (D:6)
  A wyvern skeleton (D:10)
  4 troll zombies (D:9)
  24 killer bees
  3 scorpions
  3 electric eels
  3 howler monkeys
  5 crimson imps
  3 centaur zombies
  A wasp zombie (D:10)
  3 jellies
  2 quasits
  A giant frog zombie (D:8)
  5 hounds
  2 centaur skeletons
  2 giant frog skeletons (D:6)
  An iron imp (Orc:2)
  10 orc priests
  2 iguanas
  28 orc wizards
  Natasha (thrice) (D:3)
  12 worker ants
  25 sheep
  4 ogre zombies (D:9)
  A hound zombie (D:9)
  A mummy (Ossuary)
  3 hound skeletons
  7 gnolls
  12 adders
  56 river rats
  4 shadow imps
  A white imp (Orc:2)
  An ooze (D:1)
  2 adder skeletons
  3 adder zombies
  2 dart slugs
  11 giant geckos
  47 orcs
  5 bats
  3 giant cockroaches
  4 goblins
  5 hobgoblins
  6 jackals
  6 quokkas
  A ball python (D:1)
  6 giant newts
  8 gnoll skeletons (Ossuary)
  2 goblin skeletons (D:9)
  2 goblin zombies (D:9)
  A hobgoblin skeleton (D:9)
  3 hobgoblin zombies (D:9)
  A jackal skeleton (D:7)
  30 kobolds
  7 kobold skeletons (Ossuary)
  10 orc skeletons (Ossuary)
  17 orc zombies (D:9)
  2 quokka zombies (D:7)
  6 rats
  4 fungi
894 creatures vanquished.

Vanquished Creatures (collateral kills)
  A deep elf archer (Elf:1)
  A wyvern (Lair:6)
  An ogre (D:6)
3 creatures vanquished.

Vanquished Creatures (others)
  7 polar bears (IceCv)
  A dancing weapon (D:11)
  5 orcs
  A bush (Lair:7)
  51 fungi
  22 plants
87 creatures vanquished.

Grand Total: 984 creatures vanquished

Notes
Turn   | Place    | Note
--------------------------------------------------------------
     0 | D:1      | epen the Felid Enchanter began the quest for the Orb.
     0 | D:1      | Reached XP level 1. HP: 7/7 MP: 4/4
   258 | D:1      | Reached XP level 2. HP: 12/12 MP: 6/6
   269 | D:1      | Learned a level 2 spell: Ensorcelled Hibernation
  1070 | D:2      | Found a faded altar of an unknown god.
  1298 | D:2      | Reached XP level 3. HP: 15/15 MP: 7/7
  1435 | D:2      | Found a radiant altar of Vehumet.
  1487 | D:2      | Learned a level 3 spell: Confuse
  1910 | D:2      | Found an opulent altar of Gozag.
  1971 | D:2      | Reached skill level 1 in Fighting
  1971 | D:2      | Reached skill level 5 in Hexes
  2512 | D:3      | Reached XP level 4. HP: 3/19 MP: 2/8
  2949 | D:3      | Noticed Natasha
  2957 | D:3      | Killed Natasha
  3287 | D:3      | Found a sacrificial altar of Ru.
  3345 | D:3      | Noticed Natasha
  3365 | D:3      | Killed Natasha
  3419 | D:3      | Noticed Natasha
  3461 | D:3      | Killed Natasha
  3461 | D:3      | Reached XP level 5. HP: 13/22 MP: 3/9
  3856 | D:3      | Found a glowing golden altar of the Shining One.
  4715 | D:4      | Found a white marble altar of Elyvilon.
  4797 | D:4      | Gained mutation: You are covered in thick fur. (AC +2) [Felid growth]
  4797 | D:4      | Reached XP level 6. HP: 26/26 MP: 11/11
  5386 | D:3      | Learned a level 3 spell: Tukima's Dance
  5465 | D:4      | Noticed a sky beast
  5476 | D:4      | Killed a sky beast
  5476 | D:4      | Reached skill level 5 in Stealth
  6149 | D:5      | Entered Level 5 of the Dungeon
  6175 | D:5      | Reached XP level 7. HP: 13/30 MP: 8/12
  6961 | D:5      | Noticed epen's ghost (novice FoSk)
  6983 | D:5      | Killed epen's ghost
  6983 | D:5      | Reached skill level 5 in Dodging
  6983 | D:5      | Reached XP level 8. HP: 31/34 MP: 6/14
  7041 | D:5      | Found a staircase to the Ecumenical Temple.
  7052 | Temple   | Entered the Ecumenical Temple
  7363 | Temple   | Became a worshipper of Uskayaw the Reveler
  7462 | D:5      | Reached * piety under Uskayaw
  7464 | D:5      | Reached ** piety under Uskayaw
  7631 | D:5      | Reached *** piety under Uskayaw
  7806 | D:6      | Reached skill level 1 in Invocations
  8036 | D:6      | Learned a level 3 spell: Dazzling Spray
  8242 | D:6      | Noticed Prince Ribbit
  8306 | D:6      | Reached skill level 5 in Unarmed Combat
  8593 | D:6      | Killed Prince Ribbit
  9013 | D:6      | Reached XP level 9. HP: 35/39 MP: 16/16
  9065 | D:6      | Reached **** piety under Uskayaw
  9187 | D:6      | Noticed Duvessa
  9197 | D:6      | Noticed Dowan
  9207 | D:6      | Killed Duvessa
  9212 | D:6      | Killed Dowan
  9842 | D:7      | Found an oddly glowing altar of Pakellas.
 10028 | D:7      | Found Duofoval's Food Emporium.
 10227 | D:7      | Found a sand-covered staircase.
 10234 | Ossuary  | Entered an ossuary
 10734 | D:7      | Found a shattered altar of Ashenzari.
 11150 | D:8      | HP: 2/58 [killer bee (6)]
 11474 | D:8      | Found a shimmering altar of Xom.
 11559 | D:8      | Found a staircase to the Lair.
 11795 | D:8      | Reached skill level 10 in Hexes
 11902 | D:9      | Found a staircase to the Orcish Mines.
 11919 | D:8      | Reached skill level 5 in Spellcasting
 12005 | D:9      | Reached XP level 10. HP: 27/43 MP: 11/18
 12078 | D:9      | Reached skill level 5 in Invocations
 12328 | D:9      | Reached ***** piety under Uskayaw
 12699 | D:9      | Reached skill level 5 in Fighting
 13074 | D:9      | Found a shadowy altar of Dithmenos.
 13507 | D:9      | Identified a scroll of acquirement
 13508 | D:9      | Got a steaming jade ring
 13510 | D:9      | Identified the ring of Incredulity {Fire Dex+6} (You acquired it on level 9 of the Dungeon)
 13596 | D:10     | Entered Level 10 of the Dungeon
 14201 | D:10     | Gained mutation: Your magical capacity is low. (-10% MP) [potion of mutation]
 14201 | D:10     | Gained mutation: Your body sometimes deteriorates upon taking damage. [potion of mutation]
 14201 | D:10     | Gained mutation: You are agile. (Dex +2) [potion of mutation]
 14202 | D:10     | Lost mutation: Your body sometimes deteriorates upon taking damage. [potion of cure mutation]
 14202 | D:10     | Lost mutation: You are agile. (Dex +2) [potion of cure mutation]
 14202 | D:10     | Lost mutation: Your magical capacity is low. (-10% MP) [potion of cure mutation]
 14211 | D:10     | Noticed a hill giant
 14232 | D:10     | Killed a hill giant
 14232 | D:10     | Reached XP level 11. HP: 48/48 MP: 14/20
 14445 | Lair:1   | Entered Level 1 of the Lair of Beasts
 15175 | Lair:2   | Noticed Gastronok
 15309 | Lair:2   | Found a dark tunnel.
 15317 | Volcano  | Entered a volcano
 17139 | Lair:3   | Reached skill level 10 in Stealth
 18167 | Lair:3   | Gained mutation: Your thick and shaggy fur keeps you warm. (AC +3, rC+) [Felid growth]
 18167 | Lair:3   | Reached XP level 12. HP: 41/53 MP: 2/22
 18376 | Lair:4   | Noticed Maud
 18410 | Lair:4   | Killed Maud
 18483 | Lair:4   | Noticed an eight-headed hydra
 18490 | Lair:4   | Killed an eight-headed hydra
 18945 | Lair:4   | Found a staircase to the Shoals.
 18964 | Lair:4   | Reached skill level 10 in Dodging
 19174 | Lair:4   | Reached skill level 10 in Unarmed Combat
 19325 | Lair:5   | Noticed a five-headed hydra
 19328 | Lair:5   | Killed a five-headed hydra
 19383 | Lair:5   | Found a hole to the Spider Nest.
 20739 | Lair:6   | Noticed a five-headed hydra
 20741 | Lair:6   | Noticed a death yak
 20833 | Lair:5   | Killed a five-headed hydra
 20833 | Lair:5   | Reached XP level 13. HP: 44/57 MP: 2/24
 21845 | Lair:7   | Reached skill level 1 in Conjurations
 22795 | Lair:7   | Reached skill level 10 in Invocations
 23309 | Lair:7   | Found a staircase to the Slime Pits.
 23532 | Lair:8   | Entered Level 8 of the Lair of Beasts
 23731 | Lair:8   | Found a frozen archway.
 24070 | IceCv    | Entered an ice cave
 24301 | IceCv    | Reached ****** piety under Uskayaw
 24434 | IceCv    | Reached XP level 14. HP: 63/63 MP: 18/26
 24774 | IceCv    | Noticed a frost giant
 25013 | IceCv    | Killed a frost giant
 25164 | IceCv    | Identified Axeokig's Tome of Ice
 25411 | Lair:8   | Got a glittering steel ring
 25414 | Lair:8   | Identified the ring of Routhren {rElec rC+ rN+ MR+ Int-3} (You found it on level 8 of the Lair of Beasts)
 26247 | Lair:8   | Got a fabulously ornate robe
 26248 | Lair:8   | Identified the +0 robe "Qareur Qatu" {Regen+ Dex+5} (You found it on level 8 of the Lair of Beasts)
 26313 | Lair:8   | Found a burning altar of Makhleb.
 27043 | Lair:8   | Found a gateway to Hell.
 27051 | Lair:8   | Got a wavering lead ring
 27054 | Lair:8   | Identified the ring "Hemoor" {rElec MP+9 Dex+6} (You found it on level 8 of the Lair of Beasts)
 27670 | Lair:7   | Upgraded the game from 0.19-a0-526-gbe2e51c to 0.19-a0-559-ga3d69d0
 28429 | Lair:2   | Killed Gastronok
 28902 | D:11     | Found a labyrinth entrance.
 28911 | Lab      | Entered a labyrinth
 29133 | Lab      | Identified a +5 rod of shadows (3/9)
 29133 | Lab      | Slain by a minotaur
 29134 | Lab      | Reached XP level 13. HP: -1/60 MP: 33/35
 32308 | D:11     | Learned a level 6 spell: Invisibility
 32981 | D:12     | Noticed Erolcha
 32999 | D:12     | Killed Erolcha
 33559 | Orc:1    | Entered Level 1 of the Orcish Mines
 33622 | Orc:1    | Reached XP level 14. HP: 48/64 MP: 27/27
 33890 | Orc:1    | Learned a level 1 spell: Apportation
 34145 | Orc:2    | Entered Level 2 of the Orcish Mines
 34205 | Orc:2    | Found a staircase to the Elven Halls.
 34266 | Orc:2    | Noticed Snorg
 34277 | Orc:2    | Killed Snorg
 34277 | Orc:2    | Reached skill level 1 in Evocations
 34308 | Orc:2    | Gained mutation: Your body sometimes deteriorates upon taking damage. [mutagenic glow]
 34440 | Orc:2    | Learned a level 2 spell: Repel Missiles
 34799 | Orc:2    | Found an ancient bone altar of Kikubaaqudgha.
 34894 | Orc:2    | Found Vugaesuq's Antique Armour Boutique.
 34922 | Orc:2    | Found a radiant altar of Vehumet.
 35389 | Orc:2    | Found a roughly hewn altar of Beogh.
 35389 | Orc:2    | Found Xunan's Book Shop.
 35521 | Orc:2    | Found Lomeir's Magic Scroll Boutique.
 35528 | Orc:2    | Found Ahyan's Distillery.
 35557 | Orc:2    | Bought a potion of curing for 45 gold pieces
 35557 | Orc:2    | Bought a potion of curing for 45 gold pieces
 35557 | Orc:2    | Bought a potion of magic for 120 gold pieces
 35566 | Orc:2    | Bought a scroll of fear for 56 gold pieces
 35566 | Orc:2    | Bought a scroll of identify for 32 gold pieces
 35566 | Orc:2    | Bought a scroll of identify for 32 gold pieces
 35566 | Orc:2    | Bought a scroll of identify for 32 gold pieces
 35566 | Orc:2    | Bought a scroll of identify for 32 gold pieces
 35566 | Orc:2    | Bought a scroll of magic mapping for 56 gold pieces
 35582 | Orc:2    | Bought a book of the Dragon for 1440 gold pieces
 35591 | Orc:2    | Learned a level 7 spell: Dragon Form
 35811 | Orc:2    | Noticed a stone giant
 35979 | Orc:2    | Killed a stone giant
 36184 | D:12     | Reached skill level 1 in Transmutations
 36927 | Elf:1    | Entered Level 1 of the Elven Halls
 36943 | Elf:1    | Found a radiant altar of Vehumet.
 36975 | Elf:1    | Found Byehy's Gadget Emporium.
 36985 | Elf:1    | Noticed a deep elf sorcerer
 37055 | Elf:1    | Gained mutation: Your magical capacity is low. (-10% MP) [mutagenic glow]
 37811 | Elf:1    | Bought a wand of teleportation (5/9) for 351 gold pieces
 37836 | Elf:1    | Reached skill level 5 in Transmutations
 37860 | Elf:1    | Reached XP level 15. HP: 66/68 MP: 26/26
 37994 | Elf:1    | Splashed by a deep elf sorcerer's acid
 37995 | Elf:1    | Reached XP level 14. HP: -4/64 MP: 26/34
 38661 | Elf:1    | Killed a deep elf sorcerer
 39273 | Elf:2    | Found Plog's Book Shoppe.
 39328 | Elf:2    | Gained mutation: You expend magic power (3 MP) to strengthen your wands. [mutagenic glow]
 39329 | Elf:2    | Bought a book of Transfigurations for 990 gold pieces
 39340 | Elf:2    | Learned a level 6 spell: Statue Form
 39480 | Elf:2    | Found a runed gate.
 39480 | Elf:2    | Found a runed gate.
 39480 | Elf:2    | Found a runed gate.
 39548 | Elf:2    | Reached skill level 1 in Earth Magic
 39805 | Elf:2    | Noticed a deep elf elementalist
 39807 | Elf:2    | Killed a deep elf elementalist
 40105 | Spider:1 | Entered Level 1 of the Spider Nest
 40551 | Spider:1 | Noticed Aizul
 40565 | Spider:1 | Killed from afar by Aizul
 40566 | Spider:1 | Reached XP level 13. HP: -4/60 MP: 31/34
 40632 | Spider:1 | Killed from afar by Aizul

Vault maps used:
D:1:      dpeg_arrival_tiny_k
D:2:      nicolae_gozag_cash_rules_everything_around_me, vehumet_crystals,
          ecumenical_altar_1
D:3:      nicolae_overflow_hidden_temple, lemuel_crystal_altar, first_bread,
          minmay_gold_behind_fungi, uniq_natasha
D:4:      nicolae_overflow_crystal_walls
D:5:      temple_green
D:6:      kennysheep_kobold_camp, minivault_23, uniq_duvessa,
          uniq_prince_ribbit1
D:7:      kennysheep_big_flooded_room, ashenzari_altar_1, lemuel_doored_altar,
          serial_shops, shop, enter_ossuary_4
D:8:      marbit_many_paths, lair_0_dummy
D:9:      grunt_dithmenos_shadows, zombieorc2_lemuel, david_nohive_1,
          uniq_erolcha
D:11:     boulder_corridor_run, lab_entry_generic
D:12:     st_stairs_8
D:13:     lightli_vaults_fourway_checkpoint, minmay_misc_feat_ornament,
          okawaru_ov_weapons_minmay
Temple:   triangle_lava_temple_12
Lair:1:   minmay_hedge_maze, lemuel_fruit_tree
Lair:2:   nicolae_volcano_entry_hallway, uniq_gastronok
Lair:3:   gammafunk_lair_bear_cave, bh_autumn_forest_stairs, grunt_megastairs_3
Lair:4:   elwin_shoals_entry_stream, grunt_megastairs_4, uniq_maud
Lair:5:   spider_nest_entry_webs, grunt_megastairs_2
Lair:6:   st_stairs_9, grunt_forest_large_clearings, serial_bayou_shore_b
Lair:7:   minmay_slime_entry_oklob_enclosed, serial_bayou_shore_a,
          serial_bayou_shore_b, grunt_megastairs_1, infiniplex_staircase_pool
Lair:8:   evil_forest, portal_ice_cave_entry_ice_beasts
Spider:1: uniq_aizul
Orc:1:    elves_outpost_lemuel
Orc:2:    kennysheep_orc_mage_school, hangedman_minor_magic, uniq_snorg
Elf:1:    eino_elf_arrival_altar, serial_shops, shop, hangedman_elf_disciples,
          wad_floor_pattern_untrapped
Elf:2:    serial_shops, shop_coins, basic_stair_grate_trap, uniq_norris
Lab:      labyrinth_watery
Ossuary:  ossuary_due_mausoleum
IceCv:    ice_cave_caverns_03
Volcano:  volcano_pools

Skill      XL: |  1  2  3  4  5  6  7  8  9 10 11 12 13 14 15 |
---------------+----------------------------------------------+-----
Dodging        | 3 4 5 6 7 8 9 10 11 12 | 12.5
Fighting       | 1 2 3 4 5 6 7 8 9 |  9.4
Hexes          | 5 6 7 8 10 11 12 13 14 | 14.0
Unarmed Combat | 2 3 4 5 6 8 9 10 11 13 | 13.2
Stealth        | 5 6 7 9 10 11 12 13 14 | 14.7
Spellcasting   | 3 4 5 6 7 9 |  9.8
Invocations    | 2 4 6 8 9 10 12 | 12.1
Conjurations   | 2 4 |  4.3
Evocations     | 2 |  2.5
Transmutations | 7 |  7.6
Earth Magic    | 2 |  2.7

Action                   |  1- 3 |  4- 6 |  7- 9 | 10-12 | 13-15 || total
-------------------------+-------+-------+-------+-------+-------++-------
Melee: Unarmed           |   111 |   149 |   445 |   775 |  1066 ||  2546
       Bite              |     5 |    17 |    44 |   110 |   124 ||   300
       Punch             |       |       |     9 |    27 |    66 ||   102
 Cast: Ensorcelled Hiber |     4 |     2 |     2 |     6 |     6 ||    20
       Confuse           |     4 |    24 |    84 |   198 |   274 ||   584
       Tukima's Dance    |       |     1 |     3 |       |     1 ||     5
       Dazzling Spray    |       |       |       |     7 |   110 ||   117
       Invisibility      |       |       |       |       |    29 ||    29
       Repel Missiles    |       |       |       |       |     2 ||     2
Invok: Stomp             |       |       |     2 |     2 |     1 ||     5
       Line Pass         |       |       |       |     1 |       ||     1
Evoke: Wand              |       |       |       |     3 |    16 ||    19
       Sack of spiders   |       |       |       |     1 |       ||     1
       Box of beasts     |       |       |       |       |     2 ||     2
  Use: Potion            |     1 |       |     4 |     3 |     5 ||    13
       Scroll            |       |       |    10 |    18 |    16 ||    44
 Stab: Sleeping          |    17 |    10 |    31 |    50 |    88 ||   196
       Distracted        |     1 |       |       |     5 |     4 ||    10
       Confused          |     2 |    12 |    46 |   100 |   111 ||   271
       Paralysed         |       |       |     5 |    18 |    38 ||    61
       Invisible         |       |       |       |     2 |   115 ||   117
  Eat: Chunk             |    11 |    10 |    13 |    36 |    74 ||   144
       Royal jelly       |       |       |       |     1 |     2 ||     3
Armor: Skin              |     5 |     2 |   102 |    12 |    32 ||   153
Dodge: Dodged            |    94 |    76 |   321 |   719 |  1006 ||  2216
       Deflected         |       |       |       |       |     1 ||     1
